 Dungeon Crawl Stone Soup version 0.14-a0-817-g3f7b0b1 (webtiles) character file.

80 PolkaDot the Vexing (level 3, -2/24 HPs)
             Began as a Vampire Enchanter on Nov 12, 2013.
             Slain by an adder (5 damage)
             ... on Level 2 of the Dungeon.
             The game lasted 00:03:25 (897 turns).

PolkaDot the Vexing (Vampire Enchanter)              Turns: 897, Time: 00:03:26

HP  -2/24        AC  3     Str  7      XL: 3   Next: 75%
MP   0/6         EV 12     Int 17      God:
Gold 22          SH  0     Dex 15      Spells:  2 memorised,  0 levels left

Res.Fire  : . . .   See Invis. : +   a - +1 dagger
Res.Cold  : . . .   Warding    : .   b - +1 robe
Life Prot.: . . .   Conserve   : .   (no shield)
Res.Poison: .       Res.Corr.  : .   (no helmet)
Res.Elec. : .       Clarity    : .   (no cloak)
Sust.Abil.: . .     Spirit.Shd : .   (no gloves)
Res.Mut.  : .       Stasis     : .   (no boots)
Res.Rott. : .       Flight     : .   (no amulet)
Saprovore : . . .                    (no ring)
                                     (no ring)

@: regenerating quickly, slightly resistant to hostile enchantments, stealthy
A: fangs 3, see invisible, unbreathing
a: no special abilities


You were on level 2 of the Dungeon.
You were very full.

You visited 1 branch of the dungeon, and saw 2 of its levels.

You collected 22 gold pieces.

Inventory:

Hand weapons
 a - a +1,+1 dagger (weapon)
Missiles
 d - 12 darts (quivered)
Armour
 b - a +1 robe (worn)
Scrolls
 e - a scroll of teleportation {unknown}
 f - a scroll of magic mapping {unknown}
 g - 2 scrolls of identify {unknown}
 h - 2 scrolls of amnesia {unknown}
 i - a scroll of enchant weapon II {unknown}
Potions
 j - a potion of curing {unknown}
Books
 c - a book of Maledictions

   Spells                             Type                      Level
   *Corona                            Hexes                        1
   Sure Blade                         Hexes/Charms                 2
   Ensorcelled Hibernation            Hexes/Ice                    2
   *Confuse                           Hexes                        3
   Enslavement                        Hexes                        4
   Invisibility                       Hexes                        6


   Skills:
 + Level 2.9 Short Blades
 - Level 0.7 Throwing
 - Level 2.1 Dodging
 + Level 3.7 Stealth
 - Level 1.0 Spellcasting
 * Level 5.3 Hexes


You couldn't memorise any spells.
You knew the following spells:

 Your Spells              Type           Power        Failure   Level  Hunger
A - Corona                Hex            ###....      2%          1    ##.....
C - Confuse               Hex            ###.....     10%         3    ####...


Dungeon Overview and Level Annotations

Branches:
Dungeon (2/27)

Altars:
Fedhas
Vehumet


Innate Abilities, Weirdness & Mutations

Your natural rate of healing is unusually fast.
You have razor-sharp teeth.*
You have supernaturally acute eyesight.
You can survive without breathing.*


Message History

You hit the adder.
The adder is almost dead.
The adder bites you.
* * * LOW HITPOINT WARNING * * *
You hit the adder.
You kill the adder!
Cast which spell? (? or * to list)
Aiming: Confuse
Press: ? - help, Shift-Dir - straight line, f - adder
Aim: an adder The adder struggles to resist.
The adder barely misses you. The adder bites you.
* * * LOW HITPOINT WARNING * * *
Casting: Confuse
Confirm with . or Enter, or press ? or * to list all spells.
Aiming: Confuse
Press: ? - help, Shift-Dir - straight line, f/p - adder
Aim: an adder The adder resists with some effort.
The adder bites you.
You die...

.# #.# ..#... .# #.#
#.#...g .# #.# #.#... .#
#.# #######.#.. .# #.#
..........# .# #.#
..........# (####.#
...........# ......#### #S#
.####....#######@# .#
#............# .#
#.%..######### )# #..<...#
.# #.#..#.# .####.####.#
...........# .####...####
#######
.####...###########........


You could see an adder.

Vanquished Creatures
  3 adders (D:2)
  A giant gecko (D:1)
  3 bats (D:1)
  3 goblins (D:1)
  5 hobgoblins
  A quokka (D:2)
  2 ball pythons (D:1)
  2 giant cockroaches (D:1)
  2 kobolds (D:2)
  7 rats
29 creatures vanquished.

Notes
Turn   | Place    | Note
--------------------------------------------------------------
     0 | D:1      | PolkaDot, the Vampire Enchanter, began the quest for the Orb.
     0 | D:1      | Reached XP level 1. HP: 13/13 MP: 4/4
   227 | D:1      | Reached XP level 2. HP: 19/19 MP: 5/5
   671 | D:2      | Reached XP level 3. HP: 24/24 MP: 6/6
   676 | D:2      | Learned a level 3 spell: Confuse
   776 | D:2      | Reached skill level 5 in Hexes
   809 | D:2      | Found a blossoming altar of Fedhas.
   809 | D:2      | Found a radiant altar of Vehumet.
   897 | D:2      | Slain by an adder

Action                   || total
-------------------------++-------
Melee: Dagger            ||   101
 Cast: Confuse           ||     2
  Use: Potion            ||     1
 Stab: Sleeping          ||     4
